 Dungeon Crawl Stone Soup version 0.30-a0-782-ge64f9170bb (webtiles) character file.

Game seed: 9453152698469016336

3778 kae the Destroyer (level 10, 0/46 (50) HPs)
             Began as a Tengu Fire Elementalist on Mar 1, 2023.
             Was a Believer of Vehumet.
             Slain by a wight
             ... wielding a +2 heavy halberd
              (8 damage)
             ... on level 9 of the Dungeon.
             The game lasted 00:09:03 (7964 turns).

kae the Destroyer (Tengu Fire Elementalist)         Turns: 7964, Time: 00:09:04

HP:   0/46 (50)     AC: 14    Str:  9    XL:     10   Next: 16%
MP:   14/21         EV: 14    Int: 19    God:    Vehumet [**....]
Gold: 1000          SH:  5    Dex: 15    Spells: 9/22 levels left

rFire   + . .      SeeInvis .    z - +12 mace "Diblirph" {protect, Fragile rC+ Stlth+}
rCold   + . .      Faith    .    A - +2 buckler
rNeg    . . .      Spirit   .    a - +1 robe
rPois   .          Reflect  .    (helmet restricted)
rElec   .          Harm     .    (no cloak)
rCorr   .          Rampage  .    (no gloves)
Will    .....                    (boots unavailable)
Stlth   +++                      g - amulet of regeneration
HPRegen 1.07/turn                F - ring of protection from fire
MPRegen 0.17/turn                O - +4 ring of protection

@: under a protective aura, flying quickly and evasively, drained, quick
A: beak, talons 3, nimble flight
a: Renounce Religion


You were on level 9 of the Dungeon.
You worshipped Vehumet.
Vehumet was pleased with you.
You visited 2 branches of the dungeon, and saw 10 of its levels.

You collected 1328 gold pieces.
You spent 328 gold pieces at shops.


Innate Abilities, Weirdness & Mutations

You have a beak for a mouth.
You have claws for feet.
Your magical nature lets you fly swiftly and evasively.


   Skills:
 + Level 7.3 Maces & Flails
 - Level 2.1 Dodging
 - Level 2.0 Stealth
 + Level 6.7 Spellcasting
 + Level 9.4 Conjurations
 - Level 2.0 Hexes
 + Level 8.4 Fire Magic


You had 9 spell levels left.
You knew the following spells:

 Your Spells              Type           Power      Damage    Failure   Level
a - Foxfire               Conj/Fire      100%       2x1d9     1%          1
b - Scorch                Fire           76%        2d8       1%          2
c - Inner Flame           Hex/Fire       26%        N/A       4%          3
d - Flame Wave            Conj/Fire      40%        2d11      3%          4
e - Kindle Blastsparks    Fire/Tloc/Air  34%        2d12      13%         3

Your spell library contained the following spells:

 Spells                   Type           Power      Damage    Failure   Level
 Magic Dart               Conj           100%       1d8       1%          1
 Fireball                 Conj/Fire      20%        3d10      10%         5
 Mephitic Cloud           Conj/Pois/Air  18%        N/A       12%         3
 Sandblast                Erth           12%        2d6       14%         1
 Poisonous Vapours        Pois/Air       12%        N/A       22%         2
 Vhi's Electric Charge    Tloc/Air       12%        N/A       38%         3
 Starburst                Conj/Fire      20%        6d7       50%         6
 Malign Gateway           Summ/Tloc      3%         N/A       100%        7
 Summon Horrible Things   Summ           3%         N/A       100%        8

Inventory:

Hand Weapons
 z - the +12 mace "Diblirph" (weapon) {protect, Fragile rC+ Stlth+}
   (You found it on level 2 of the Dungeon)

   rC:        It protects you from cold.
   Fragile:   It will be destroyed if unequipped.
   Stlth:     It makes you more stealthy.
Missiles
 h - 70 stones
 j - 21 poisoned darts
 o - 12 boomerangs
 s - 2 curare-tipped darts {=f}
 w - 2 boomerangs of dispersal {=f!f}
Armour
 a - a +1 robe (worn)
 A - a +2 buckler (worn)
   (You found it on level 8 of the Dungeon)
Magical Staves
 y - a staff of earth {!a}
   (You found it on level 7 of the Dungeon)
Jewellery
 g - an amulet of regeneration (around neck)
   (You acquired it on level 6 of the Dungeon)
 D - a +6 ring of dexterity
   (You found it on level 2 of the Dungeon)
 F - a ring of protection from fire (left hand)
   (You found it on level 6 of the Dungeon)
 O - a +4 ring of protection (right hand)
   (You found it on level 3 of the Dungeon)
Wands
 n - a wand of roots (9)
   (You found it on level 4 of the Dungeon)
 q - a wand of polymorph (9)
   (You found it on level 4 of the Dungeon)
Scrolls
 d - a scroll of teleportation {@r4}
 p - a scroll of blinking {!r}
 t - a scroll of poison {!r}
 v - 2 scrolls of fear
 C - a scroll of enchant weapon
 E - a scroll of vulnerability {!r!r}
Potions
 b - 2 potions of magic
 c - 2 potions of resistance
 e - 2 potions of brilliance
 f - 2 potions of mutation {unknown}
 i - 2 potions of flight
 k - 2 potions of degeneration {!q}
 l - 2 potions of heal wounds {@q2}
 m - 6 potions of curing {@q1}
 r - a potion of ambrosia
 u - a potion of invisibility
 x - 2 potions of cancellation {unknown}
 B - a potion of lignification {unknown}
 G - a potion of berserk rage {unknown}

Dungeon Overview and Level Annotations

Branches:
Dungeon (9/15) Zot: 26956  Temple (1/1) D:5 Zot: 5881
   Lair: D:8-11         Orc: D:9-12

Altars:
Ashenzari
Cheibriados
Dithmenos
Elyvilon
Fedhas
Gozag
Hepliaklqana
Kikubaaqudgha
Makhleb
Nemelex Xobeh
Okawaru
Qazlal
Ru
Sif Muna
Trog
Uskayaw
Vehumet
Wu Jian
Xom
Yredelemnul
Zin
The Shining One

Shops:
D:3 =   D:4 *   D:5 *[(*=   D:6 !*

Annotations:
D:3 2 transporters

#.# #.# ### #.# #..# #.#
##.# #..## ##..# #..##
#...#######....#
#...#####..........._.#
#.....##..........>...#
##.....)..............##
###...)@)...##........#
###.z....#...........
#..z..#..<..###....
##...##....## #
#...###....#
#..###........ #..#
#....###.. #^.# #.#...
.# #..# ##..#.. .


You could see 2 wights.


Message History

Okay, then.
Okay, then.
G - a golden potion
There is a stone staircase leading up here.
v - 2 scrolls of fear (gained 1)
A wight comes into view. It is wielding a +0 great sword.
A wight comes into view. It is wielding a +0 spear.
Casting: Foxfire (safe; 1% risk of failure)
Confirm with . or Enter, or press ? or * to list all spells.
You conjure some foxfire!
The foxfire hits the wight.
The foxfire hits the wight but does no damage. 😎 MP[-1]
You lost 1 mp, and now have 20/21 mp.
Casting: Foxfire (safe; 1% risk of failure)
Confirm with . or Enter, or press ? or * to list all spells.
You conjure some foxfire!
The foxfire hits the wight. x2 😎 MP[-1]
You lost 1 mp, and now have 19/21 mp.
Casting: Foxfire (safe; 1% risk of failure)
Confirm with . or Enter, or press ? or * to list all spells.
You conjure some foxfire!
The foxfire hits the wight but does no damage.
The foxfire hits the wight but does no damage.
A wight comes into view. It is wielding a +2 heavy halberd.
The wight hits you from afar with a +0 spear!
You feel drained. 😕 HP[-8]
You now have 49 max hp (-1).
You take 8 damage, and now have 42/49 hp.
You hit the wight.
Your weapon exudes an aura of protection.
Your kick misses the wight.
A wight comes into view. It is wielding a +0 hand axe.
The wight hits you with a +0 great sword!
You feel drained. The wight closely misses you. 😮 HP[-16]
You now have 47 max hp (-2).
You take 16 damage, and now have 26/47 hp.
MASSIVE DAMAGE!! (PAUSE)
You sock the wight!
You destroy the wight!
Vehumet accepts your kill.
You feel your power returning.
A wight comes into view.
It is wielding a +4 scimitar of freezing.
You block the wight's attack. 😮 HP[+1] MP[+1]
You now have 48 max hp (+1).
Unknown command.
The wight hits you but does no damage. 😮 HP[+1]
You closely miss the wight. Your peck misses the wight.
The wight misses you. 😮 HP[+1] Unknown command.
You thump the wight! You peck the wight, but do no damage.
The wight hits you from afar with a +2 heavy halberd!
* * * LOW HITPOINT WARNING * * *
😨 HP[-14] MP[+1]
You take 14 damage, and now have 15/48 hp.
MASSIVE DAMAGE!! (PAUSE)
Your mp is fully restored (21).
You sock the wight!
You destroy the wight!
Vehumet accepts your kill.
The wight completely misses you. 😨 HP[+2]
You regained 2 hp, and now have 17/48 hp.
Unknown command.
Casting: Foxfire (safe; 1% risk of failure)
Confirm with . or Enter, or press ? or * to list all spells.
A cloud of volatile blastsparks flares up around you!
The wight hits you but does no damage. 😨 HP[+1] MP[-3]
You lost 3 mp, and now have 18/21 mp.
Unknown command.
Casting: Kindle Blastsparks (dangerous; 13% risk of failure)
Confirm with . or Enter, or press ? or * to list all spells.
Casting: Flame Wave (dangerous; 3% risk of failure)
Press: ? - help, Dir - look around, f - activate A wave of flame ripples out!
The flame wave engulfs the wight.
The flame wave engulfs the wight! (Press . to intensify the flame waves.)
The wight closely misses you.
The wight hits you from afar with a +2 heavy halberd!
* * * LOW HITPOINT WARNING * * *
You feel drained. 😱 HP[-11] MP[-4]
You now have 46 max hp (-2).
You take 11 damage, and now have 7/46 hp.
MASSIVE DAMAGE!! (PAUSE)
You lost 4 mp, and now have 14/21 mp.
A wave of flame ripples out!
The flame wave engulfs the wight! x2
You destroy the wight!
Vehumet accepts your kill.
You feel your power returning.
The flame wave engulfs the wight.
The wight closely misses you.
The wight hits you from afar with a +2 heavy halberd!
You die...

Skill      XL: |  1  2  3  4  5  6  7  8  9 10 |
---------------+-------------------------------+-----
Conjurations   | 2 3 4 6 7 9 |  9.4
Fire Magic     | 4 5 6 7 8 |  8.4
Maces & Flails | 1 2 4 5 6 7 |  7.3
Spellcasting   | 3 4 5 6 |  6.7
Hexes          | 2 |  2.0
Dodging        | |  2.1
Stealth        | |  2.0

Action                     |  1- 3 |  4- 6 |  7- 9 | 10-12 || total
---------------------------+-------+-------+-------+-------++-------
  Melee: Unarmed           |     9 |       |       |       ||     9
         Peck              |     1 |     3 |    13 |     3 ||    20
         Kick              |     1 |     1 |    19 |     3 ||    24
         Mace              |       |     9 |    75 |    16 ||   100
   Cast: Foxfire           |    52 |    58 |   127 |    26 ||   263
         Scorch            |     5 |    16 |    41 |     1 ||    63
         Flame Wave        |       |       |     1 |     1 ||     2
         Kindle Blastspark |       |       |     1 |     1 ||     2
    Use: Scroll            |     4 |     3 |    17 |       ||    24
   Stab: Sleeping          |       |       |     2 |       ||     2
 Armour: Robe              |    11 |     8 |    63 |     5 ||    87
  Dodge: Dodged            |    21 |    31 |   148 |    18 ||   218
  Block: Buckler           |       |       |       |     9 ||     9

Levels and vault maps discovered:
D:1:      minmay_arrival_cross, layout_loops_corners
D:2:      layout_loops_ring, uniq_terence
D:3:      gammafunk_wand_slinger, layout_basic, hellmonk_ghost_happy_afterlife,
          serial_shops, shop, kennysheep_path_1
D:4:      layout_loops_cross, nicolae_overflow_crystal_walls, serial_shops,
          nicolae_shop_trees, solitary_fountain, wad_floor_pattern_untrapped
D:5:      layout_loops_ring, minmay_temple_entry_mist, serial_shops,
          nicolae_shop_overgrown_old_shop, kennysheep_mini, shop_fountains,
          kennysheep_little_box, shop
D:6:      layout_gridville, elyvilon_altar_3, serial_shops,
          nicolae_shop_overgrown_old_shop, shop, uniq_menkaure
D:7:      layout_loops_ring, uniq_prince_ribbit1
D:8:      layout_rooms, kennysheep_mini_moat
D:9:      layout_layer_cave, bloody_makhleb, dpeg_oklobed_lair, enter_bailey_3,
          uniq_pikel, uniq_maurice
Temple:   compressed_dpeg_circular_temple

Notes
Turn   | Place    | Note
-------+----------+-------------------------------------------
     0 | D:1      | kae the Tengu Fire Elementalist began the quest for the
                  | Orb.
     0 | D:1      | Reached XP level 1. HP: 10/10 MP: 4/4
     0 | D:1      | magus.rc [v1.11.3]
   186 | D:1      | Reached XP level 2. HP: 12/15 MP: 0/6
   245 | D:1      | Reached skill level 2 in Conjurations
   704 | D:1      | Reached XP level 3. HP: 19/19 MP: 3/7
   707 | D:1      | Learned a level 2 spell: Scorch
   711 | D:1      | Learned a level 3 spell: Inner Flame
  1272 | D:2      | Reached skill level 3 in Conjurations
  1272 | D:2      | Reached skill level 4 in Fire Magic
  1314 | D:2      | Identified the +12 mace "Diblirph" {protect, Fragile rC+
                  | Stlth+}
  1346 | D:2      | Reached XP level 4. HP: 24/24 MP: 4/9
  1777 | D:2      | Noticed Terence
  1782 | D:2      | Killed Terence
  1884 | D:2      | Reached skill level 1 in Maces & Flails
  2008 | D:2      | Reached skill level 3 in Spellcasting
  2008 | D:2      | Gained mutation: Your magical nature lets you fly swiftly
                  | and evasively. [Tengu growth]
  2008 | D:2      | Reached XP level 5. HP: 28/28 MP: 4/10
  2106 | D:3      | Noticed Leeroy's ghost (amateur MfGl)
  2109 | D:3      | Found a runed translucent door.
  2253 | D:3      | Found a transporter.
  2532 | D:3      | Found Cytos's Jewellery Shoppe.
  2547 | D:3      | Found a transporter.
  2993 | D:3      | Killed Leeroy's ghost
  2994 | D:3      | Reached skill level 2 in Maces & Flails
  2994 | D:3      | Reached skill level 4 in Conjurations
  2994 | D:3      | Reached skill level 5 in Fire Magic
  2994 | D:3      | Reached XP level 6. HP: 32/32 MP: 7/12
  3113 | D:4      | Found a blossoming altar of Fedhas.
  3293 | D:4      | Reached XP level 7. HP: 36/36 MP: 8/13
  3532 | D:4      | Reached skill level 3 in Maces & Flails
  3598 | D:4      | Found Ownuka Rara's Assorted Antiques.
  3632 | D:4      | Bought a scroll labelled WUCOLOESED for 20 gold pieces
  3632 | D:4      | Bought a scroll of identify for 40 gold pieces
  3796 | D:4      | Reached skill level 5 in Conjurations
  3853 | D:5      | Entered Level 5 of the Dungeon
  3897 | D:5      | Reached skill level 4 in Spellcasting
  3956 | D:5      | Found a staircase to the Ecumenical Temple.
  3998 | Temple   | Entered the Ecumenical Temple
  4120 | Temple   | Became a worshipper of Vehumet
  4146 | D:5      | Found Vulunuck's Assorted Antiques.
  4162 | D:5      | Bought a scroll of identify for 56 gold pieces
  4162 | D:5      | Bought a fizzy white potion for 25 gold pieces
  4162 | D:5      | Bought a ruby potion for 25 gold pieces
  4342 | D:5      | Found Toegumn's Jewellery Shoppe.
  4493 | D:5      | Found Mysoprae's Assorted Antiques.
  4496 | D:5      | Bought a scroll labelled NUOSTOP URGHI for 20 gold pieces
  4496 | D:5      | Bought a scroll of identify for 40 gold pieces
  4505 | D:5      | Learned a level 4 spell: Flame Wave
  4509 | D:5      | Learned a level 3 spell: Kindle Blastsparks
  4523 | D:5      | Found Ycvomeq's Armour Boutique.
  4580 | D:5      | Found Zuvoulau's Weapon Shop.
  4630 | D:5      | Reached skill level 4 in Maces & Flails
  4630 | D:5      | Reached skill level 6 in Conjurations
  4630 | D:5      | Reached skill level 6 in Fire Magic
  4630 | D:5      | Reached XP level 8. HP: 41/41 MP: 10/15
  4667 | D:5      | Identified the +5 flail of Intense True Grit {venom, rPois
                  | rF+}
  5075 | D:6      | Noticed Menkaure
  5080 | D:6      | Killed Menkaure
  5154 | D:6      | Found Ekoyloq's Distillery.
  5227 | D:6      | Reached skill level 5 in Spellcasting
  5237 | D:6      | Reached skill level 5 in Maces & Flails
  5237 | D:6      | Reached skill level 7 in Conjurations
  5444 | D:6      | Reached * piety under Vehumet
  5444 | D:6      | Offered knowledge of Sandblast by Vehumet.
  5633 | D:6      | Reached skill level 7 in Fire Magic
  5633 | D:6      | Reached XP level 9. HP: 45/45 MP: 9/18
  5701 | D:6      | Found Ujiymuh's Assorted Antiques.
  5713 | D:6      | Bought 3 scrolls labelled ONANKE ATUA for 102 gold pieces
  5713 | D:6      | Acquired the Treatise on the Cloudy Anticline
  5714 | D:6      | You add the spells Sandblast, Poisonous Vapours, Mephitic
                  | Cloud and Vhi's Electric Charge to your library.
  5715 | D:6      | Acquired an amulet of regeneration
  5717 | D:6      | Acquired 886 gold pieces
  5765 | D:6      | Found a white marble altar of Elyvilon.
  6608 | D:7      | Reached skill level 6 in Maces & Flails
  6608 | D:7      | Reached skill level 8 in Conjurations
  6628 | D:7      | Reached skill level 1 in Hexes
  6671 | D:7      | Noticed Prince Ribbit
  6684 | D:7      | Killed Prince Ribbit
  6735 | D:7      | Reached skill level 6 in Spellcasting
  6826 | D:7      | Reached ** piety under Vehumet
  6826 | D:7      | Offered knowledge of Magic Dart by Vehumet.
  6950 | D:7      | Reached skill level 2 in Hexes
  6971 | D:7      | Reached skill level 8 in Fire Magic
  7260 | D:8      | You add the spells Malign Gateway and Summon Horrible
                  | Things to your library.
  7334 | D:8      | Reached skill level 9 in Conjurations
  7334 | D:8      | Reached XP level 10. HP: 50/50 MP: 12/20
  7388 | D:8      | Reached skill level 7 in Maces & Flails
  7548 | D:8      | Found an opulent altar of Gozag.
  7663 | D:8      | You pick up a book of Fire and begin reading...
  7663 | D:8      | You add the spells Fireball and Starburst to your library.
  7740 | D:8      | Identified the +9 spear of Awkwardness {spect, Fly rPois
                  | rN+ Dex+3}
  7919 | D:9      | Found a burning altar of Makhleb.
  7963 | D:9      | HP: 7/48 [wight/+2 heavy halberd (12)]
  7964 | D:9      | Slain by a wight

Vanquished Creatures
  The ghost of Leeroy the Carver, an amateur MfGl (D:3)
  Prince Ribbit (D:7)
  Menkaure (D:6)
  2 water moccasins
  2 sky beasts
  An orc warrior (D:7)
  5 black bears
  3 ogres
  A centaur (D:6)
  3 kobold brigands
  2 phantoms (D:5)
  A bullfrog (D:8)
  2 necrophages
  A scorpion (D:7)
  12 wights
  3 hounds
  A jelly (D:4)
  4 orc priests
  Terence (D:2)
  3 iguanas
  12 orc wizards
  3 gnolls (D:3)
  6 adders
  A white imp (D:7)
  An ufetubus (D:5)
  4 dart slugs
  28 orcs
  5 ball pythons
  6 bats
  5 endoplasms
  2 giant cockroaches
  6 hobgoblins
  7 jackals
  25 kobolds
  6 quokkas
  A frilled lizard (D:2)
  A goblin (D:1)
  A rat (D:1)
170 creatures vanquished.

Vanquished Creatures (others)
  425 foxfires
  3 plants
428 creatures vanquished.

Grand Total: 598 creatures vanquished

Table legend:
 A = Non-vault XP
 B = Vault XP
 C = Vault XP percentage of total XP
 D = Non-vault monster count
 E = Vault monster count
 F = Vault count percentage of total count
                 A         B        C        D         E       F
            +---------+---------+-------+---------+---------+-------
      Total |    4724 |     744 |  13.6 |     166 |       4 |   2.4
            +---------+---------+-------+---------+---------+-------
        D:1 |      37 |       0 |   0.0 |      18 |       0 |   0.0
        D:2 |     110 |      36 |  24.7 |      20 |       1 |   4.8
        D:3 |      81 |     268 |  76.8 |      15 |       1 |   6.2
        D:4 |     113 |       0 |   0.0 |      19 |       0 |   0.0
        D:5 |     903 |       0 |   0.0 |      16 |       0 |   0.0
        D:6 |     811 |     172 |  17.5 |      23 |       1 |   4.2
        D:7 |    1617 |     268 |  14.2 |      33 |       1 |   2.9
        D:8 |     838 |       0 |   0.0 |      19 |       0 |   0.0
        D:9 |     214 |       0 |   0.0 |       3 |       0 |   0.0
            +---------+---------+-------+---------+---------+-------

Illustrated notes

Table legend:
 A = Kills in this place as a percentage of kills in entire the game.
 B = Kills by you in this place as a percentage of kills by you in the entire game.
 C = Kills by friends in this place as a percentage of kills by friends in the entire game.
 D = Other kills in this place as a percentage of other kills in the entire game.
 E = Experience gained in this place as a percentage of experience gained in the entire game.
 F = Experience gained in this place divided by the number of levels of this place that you have seen.
                   A       B       C       D       E      F
               +-------+-------+-------+-------+-------+----------------------
         Total | 100.0 | 100.0 |   N/A |   N/A | 100.0 | 546.8
       Dungeon | 100.0 | 100.0 |   N/A |   N/A | 100.0 | 607.6
               +-------+-------+-------+-------+-------+----------------------

Table legend: (Time is in decaauts)
 A = Elapsed time spent in this place.
 B = Non-inter-level travel time spent in this place.
 C = Inter-level travel time spent in this place.
 D = Time resting spent in this place.
 E = Time spent auto-exploring this place.
 F = Levels seen in this place.
 G = Mean time per level.
                   A        B        C        D        E       F      G
               +--------+--------+--------+--------+--------+-----+--------+
         Total |   7599 |   7380 |    219 |    102 |   6085 |  10 |  759.9 |
       Dungeon |   7480 |   7296 |    184 |    102 |   6014 |   9 |  831.1 |
        Temple |    118 |     83 |     35 |      0 |     70 |   1 |  118.0 |
               +--------+--------+--------+--------+--------+-----+--------+

Top non-repeatable levels by time:
     D:6: 1101 daAuts
     D:2: 1032 daAuts
     D:5: 1027 daAuts
     D:1: 1001 daAuts
     D:3: 1000 daAuts
     D:7: 952 daAuts
     D:4: 697 daAuts
     D:8: 624 daAuts
  Temple: 118 daAuts
     D:9: 42 daAuts
